 Dungeon Crawl Stone Soup version 0.29.0-10-g45618ea6d2 (webtiles) character file.

Game seed: 16294650729499529197

966 mtoz the Chopper (level 7, 0/96 HPs)
             Began as a Minotaur Berserker on Sept 2, 2022.
             Was a Priest of Trog.
             Slain by an orc
             ... wielding a +3 dagger of holy wrath
              (3 damage)
             ... on level 5 of the Dungeon.
             The game lasted 00:07:32 (3543 turns).

mtoz the Chopper (Minotaur Berserker)               Turns: 3543, Time: 00:07:32

Health: 0/96       AC: 12    Str: 23    XL:     7   Next: 93%
Magic:  6/6        EV:  9    Int:  8    God:    Trog [***...]
Gold:   203        SH:  0    Dex:  8    Spells: 6/6 levels left

rFire   . . .      SeeInvis .   t - +2 battleaxe (vorpal)
rCold   . . .      Faith    .   (shield currently unavailable)
rNeg    . . .      Spirit   .   f - +0 chain mail
rPois   .          Reflect  .   (helmet restricted)
rElec   .          Harm     .   (no cloak)
rCorr   .          Rampage  .   q - +0 pair of gloves
Will    ++...                   r - +0 pair of boots
Stlth   ..........              k - amulet of regeneration
HPRegen 2.06/turn               (no ring)
MPRegen 0.10/turn               (no ring)

@: berserking, strong-willed, regenerating, very quick
A: horns 2, retaliatory headbutt, talons 1, clever 1, subdued magic 1
a: Renounce Religion, Berserk, Trog's Hand


You were on level 5 of the Dungeon.
You worshipped Trog.
Trog was most pleased with you.
You visited 1 branch of the dungeon, and saw 5 of its levels.

You collected 203 gold pieces.

Inventory:

Hand Weapons
 a - a +0 hand axe
 t - a +2 vorpal battleaxe (weapon)
Armour
 f - a +0 chain mail (worn)
 q - a +0 pair of gloves (worn)
 r - a +0 pair of boots (worn)
Jewellery
 k - an amulet of regeneration (around neck)
Scrolls
 b - 2 scrolls of acquirement {unknown}
 c - a scroll of summoning {unknown}
 d - a scroll of identify {unknown}
 g - 2 scrolls of teleportation {unknown}
 h - a scroll of blinking {unknown}
 i - a scroll of enchant weapon {unknown}
 m - 2 scrolls of vulnerability {unknown}
 n - a scroll of fear {unknown}
 o - a scroll of amnesia {unknown}
 s - a scroll of immolation {unknown}
Potions
 e - a potion of might {unknown}
 j - a potion of mutation
 l - a potion of ambrosia {unknown}
 p - a potion of attraction {unknown}
 u - a potion of haste {unknown}


   Skills:
 + Level 6.3 Fighting
 * Level 6.7 Axes
 + Level 5.6 Armour
 + Level 5.1 Dodging
 + Level 1.5 Evocations


You had 6 spell levels left.
You didn't know any spells.
Your spell library was empty.

Dungeon Overview and Level Annotations

Branches:
Dungeon (5/15)
 Temple: D:4-7

Altars:
Ashenzari
Hepliaklqana
Kikubaaqudgha


Innate Abilities, Weirdness & Mutations

You have a pair of horns on your head.
You reflexively headbutt those who attack you in melee.
You have sharp toenails.
Your mind is acute. (Int +4, Str/Dex -1)
Your spells are a little easier to cast, but a little less powerful.


Message History

The orc priest hits you with a +0 dagger.
The orc priest invokes the aid of Beogh against you.
Pain shoots through your body! The orc closely misses you.
The orc priest closely misses you.
You miss the orc priest. Your headbutt misses the orc priest.
You slash the orc!
You kill the orc!
Trog accepts your kill.
You closely miss the orc priest.
You feel less confused.
The orc priest hits you but does no damage. x2
You barely miss the orc priest. Your headbutt misses the orc priest.
You barely miss the orc priest. You barely miss the orc.
You closely miss the orc priest.
The orc priest mumbles some strange prayers to Beogh against you.
Beogh smites you!
* * * LOW HITPOINT WARNING * * *
The orc priest barely misses you. You furiously retaliate!
You headbutt the orc priest!
The orc hits you with a +3 dagger of holy wrath.
* * * LOW HITPOINT WARNING * * *
It was a potion of mutation.
You feel extremely strange.
You feel clever.
Your connection to magic feels subdued.
Your toenails lengthen and sharpen.
The orc priest looks satisfied for a moment.
The orc priest hits you with a +0 dagger.
* * * LOW HITPOINT WARNING * * *
The orc priest hits you but does no damage.
The orc hits you but does no damage.
The orc hits you with a +3 dagger of holy wrath.
* * * LOW HITPOINT WARNING * * *
Okay, then.
A red film seems to cover your vision as you go berserk!
You feel yourself moving faster!
You feel mighty!
The orc priest hits you but does no damage.
The orc priest hits you with a +0 dagger.
* * * LOW HITPOINT WARNING * * *
The orc priest hits you but does no damage.
The orc hits you with a +3 dagger of holy wrath.
You die...

....[.. ### #
##...#..# #.
##..$.. .#
#..##.....##.#
...........#
### .........#
#.. #...o...#
###
######..#oo..#
###
......)o)@o..#
#.#
.)......#o...#
#.#
######.###...#
#.. .. #.
##..# ### #.
#. ##.### #.
#. ##..# #.
#.# #.##
.#####.###.#
#.#
.......<.#.#
#.#


You could see 3 orc priests and 3 orcs.

Vanquished Creatures
  Duvessa (D:4)
  An orc warrior (D:5)
  A black bear (D:4)
  2 ogres (D:5)
  A phantom (D:5)
  Blork the orc (D:4)
  A necrophage (D:4)
  A scorpion (D:5)
  Dowan (D:4)
  A jelly (D:4)
  7 adders
  3 gnolls (D:4)
  A dart slug (D:2)
  6 orcs
  4 endoplasms
  3 giant cockroaches
  6 goblins
  7 hobgoblins
  4 quokkas
  11 ball pythons
  7 bats
  3 frilled lizards
  A kobold (D:3)
  5 rats
79 creatures vanquished.

Vanquished Creatures (others)
  23 plants (D:2)
23 creatures vanquished.

Grand Total: 102 creatures vanquished

Notes
Turn   | Place    | Note
-------+----------+-------------------------------------------
     0 | D:1      | mtoz the Minotaur Berserker began the quest for the Orb.
     0 | D:1      | Reached XP level 1. HP: 19/19 MP: 0/0
   242 | D:1      | Reached XP level 2. HP: 27/27 MP: 1/1
   889 | D:2      | Reached XP level 3. HP: 22/33 MP: 2/2
  1195 | D:2      | Reached ** piety under Trog
  2022 | D:3      | Reached XP level 4. HP: 41/41 MP: 3/3
  2034 | D:3      | Found a faded altar of an unknown god.
  2242 | D:3      | Found a hazy altar of Hepliaklqana.
  2614 | D:4      | Noticed a black bear
  2624 | D:4      | Killed a black bear
  2625 | D:4      | Reached XP level 5. HP: 46/47 MP: 4/4
  2675 | D:4      | Reached skill level 5 in Fighting
  2709 | D:4      | Found an ancient bone altar of Kikubaaqudgha.
  2709 | D:4      | Found a broken altar of Ashenzari.
  2792 | D:4      | Reached skill level 5 in Axes
  2792 | D:4      | Reached XP level 6. HP: 45/56 MP: 5/5
  2845 | D:4      | Noticed Duvessa
  2845 | D:4      | Noticed Blork the orc
  2848 | D:4      | Noticed Dowan
  2855 | D:4      | Killed Blork the orc
  2862 | D:4      | Killed Duvessa
  2862 | D:4      | Killed Dowan
  2863 | D:4      | Reached skill level 5 in Armour
  2863 | D:4      | Reached XP level 7. HP: 56/62 MP: 6/6
  3008 | D:4      | Reached *** piety under Trog
  3132 | D:5      | Entered Level 5 of the Dungeon
  3351 | D:5      | Reached skill level 1 in Evocations
  3528 | D:5      | Reached skill level 5 in Dodging
  3542 | D:5      | Gained mutation: Your mind is acute. (Int +4, Str/Dex -1)
                  | [potion of mutation]
  3542 | D:5      | Gained mutation: Your spells are a little easier to cast,
                  | but a little less powerful. [potion of mutation]
  3542 | D:5      | Gained mutation: You have sharp toenails. [potion of
                  | mutation]
  3542 | D:5      | HP: 3/64 [orc/+3 dagger of holy wrath (2)]
  3543 | D:5      | Slain by an orc

Illustrated notes

Levels and vault maps discovered:
D:1:      reono_arrival_mine, layout_basic, hangedman_decor_growths,
          minmay_heptomino_h4
D:2:      layout_basic, serial_bayou, serial_bayou_pond_b,
          serial_bayou_crossing, serial_bayou_pond_b, serial_bayou_shore_b,
          serial_bayou_pond_c, grunt_ministairs_15
D:3:      layout_basic, nzn_hepliaklqana_mist_gate,
          nicolae_ecumenical_snake_handling
D:4:      layout_rooms, nicolae_overflow_two_pavilions, uniq_duvessa,
          uniq_blork_the_orc
D:5:      layout_loops_ring, grunt_gozag_breadcrumbs, uniq_menkaure,
          uniq_crazy_yiuf_cottage

Skill      XL: |  1  2  3  4  5  6  7 |
---------------+----------------------+-----
Fighting       | 4 5 6 |  6.3
Axes           | 4 5 6 |  6.7
Armour         | 3 4 5 |  5.6
Dodging        | 3 4 5 |  5.1
Evocations     | 1 |  1.5

Action                   |  1- 3 |  4- 6 |  7- 9 || total
-------------------------+-------+-------+-------++-------
Melee: Hand axe          |    85 |    79 |    24 ||   188
       Headbutt          |     7 |     9 |     5 ||    21
       Punch             |     1 |     1 |       ||     2
       Battleaxe         |       |       |    20 ||    20
Invok: Trog's Hand       |       |     2 |     1 ||     3
       Berserk           |       |     1 |     1 ||     2
  Use: Potion            |       |       |     1 ||     1
 Stab: Sleeping          |     1 |       |       ||     1
Armor: Animal skin       |     5 |       |       ||     5
       Chain mail        |    37 |    29 |    34 ||   100
Dodge: Dodged            |    45 |    31 |    22 ||    98
